 Dungeon Crawl Stone Soup version 0.28.0-53-g5a82cb258f (webtiles) character file.

Game seed: 5036693528548656389

1530 ILmort the Basher (level 8, 0/71 HPs)
             Began as a Minotaur Fighter on Aug 10, 2022.
             Was a Follower of Okawaru.
             Slain by a two-headed ogre
             ... wielding a +0 great mace
              (7 damage)
             ... on level 5 of the Dungeon.
             The game lasted 00:15:54 (5631 turns).

ILmort the Basher (Minotaur Fighter)                Turns: 5631, Time: 00:15:54

Health: 0/71       AC: 14    Str: 23    XL:     8   Next: 55%
Magic:  7/7        EV: 21    Int:  5    God:    Okawaru [*.....]
Gold:   288        SH:  4    Dex: 10    Spells: 7/7 levels left

rFire   + . .      SeeInvis .   a - +0 flail
rCold   . . .      Faith    .   c - +0 buckler
rNeg    . . .      Spirit   .   v - +0 plate armour
rPois   .          Reflect  .   (helmet restricted)
rElec   .          Harm     .   (no cloak)
rCorr   .          Rampage  .   x - +0 pair of gloves
Will    .....                   (no boots)
Stlth   ..........              n - amulet of the acrobat
HPRegen 0.21/turn               h - ring of protection from fire
MPRegen 0.10/turn               (no ring)

@: acrobatic
A: horns 2, retaliatory headbutt
a: Renounce Religion, Heroism


You were on level 5 of the Dungeon.
You worshipped Okawaru.
Okawaru was aware of your devotion.
You visited 2 branches of the dungeon, and saw 6 of its levels.

You collected 288 gold pieces.

Inventory:

Hand Weapons
 a - a +0 flail (weapon)
 k - a +6 club
Armour
 b - a +0 scale mail
 c - a +0 buckler (worn)
 u - a +3 leather armour of willpower
 v - a +0 plate armour (worn)
 x - a +0 pair of gloves (worn)
Jewellery
 g - an amulet of guardian spirit
 h - a ring of protection from fire (left hand)
 n - an amulet of the acrobat (around neck)
Wands
 w - a wand of iceblast (13)
Scrolls
 e - 2 scrolls of blinking {unknown}
 l - a scroll of identify
 m - 2 scrolls of immolation {unknown}
 q - 4 scrolls of holy word {unknown}
 t - a scroll of vulnerability {unknown}
Potions
 d - 2 potions of might
 f - a potion of heal wounds {unknown}
 i - a potion of berserk rage {unknown}
 j - 2 potions of haste {unknown}
 o - a potion of lignification {unknown}
 r - 2 potions of resistance {unknown}


   Skills:
 + Level 6.8 Fighting
 - Level 10.2 Maces & Flails
 + Level 6.8 Armour
 - Level 3.6 Shields


You had 7 spell levels left.
You didn't know any spells.
Your spell library contained the following spells:

 Spells                   Type           Power      Damage    Failure   Level
 Portal Projectile        Hex/Tloc       0%         N/A       100%        3
 Fulminant Prism          Conj/Hex       0%         3d6       100%        4
 Iskenderun's Mystic Bla  Conj/Tloc      0%         2d3       100%        4
 Leda's Liquefaction      Hex/Erth       0%         N/A       100%        4
 Lee's Rapid Deconstruct  Erth           0%         3d5*      100%        5
 Call Canine Familiar     Summ           Unusable   N/A       N/A         3

Dungeon Overview and Level Annotations

Branches:
Dungeon (5/15)             Temple (1/1) D:5

Altars:
Ashenzari
Cheibriados
Dithmenos
Elyvilon
Fedhas
Gozag
Hepliaklqana
Kikubaaqudgha
Makhleb
Nemelex Xobeh
Okawaru
Ru
Sif Muna
Trog
Uskayaw
Vehumet
Wu Jian
Xom
Yredelemnul
Zin
The Shining One

Shops:
D:5 :


Innate Abilities, Weirdness & Mutations

You have a pair of horns on your head.
You reflexively headbutt those who attack you in melee.


Message History

The two-headed ogre hits you with a +0 giant club.
You hit the two-headed ogre.
Your headbutt misses the two-headed ogre.
The two-headed ogre is moderately wounded.
You hit the two-headed ogre.
The two-headed ogre is moderately wounded.
The two-headed ogre hits you with a +0 great mace!
The two-headed ogre completely misses you.
There is an open door here.
You barely miss the two-headed ogre.
The two-headed ogre is moderately wounded.
The two-headed ogre closely misses you.
The two-headed ogre hits you with a +0 giant club!
The two-headed ogre closely misses you. You block the two-headed ogre's attack.
The two-headed ogre closely misses you.
The two-headed ogre completely misses you.
As you read the scroll labelled HEALOU PEECLEO, it crumbles to dust.
You feel aware of your surroundings.
It was a scroll of magic mapping.
The two-headed ogre barely misses you. You furiously retaliate!
You headbutt the two-headed ogre.
The two-headed ogre hits you with a +0 giant club!!
* * * LOW HITPOINT WARNING * * *
As you read the scroll labelled ECUSUO CAIB, it crumbles to dust.
It is a scroll of identify.
s - a potion of invisibility You fade into invisibility!
The two-headed ogre hits you with a +0 great mace.
* * * LOW HITPOINT WARNING * * *
You block the two-headed ogre's attack.
There is a stone staircase leading down here.
You flicker for a moment.
A two-headed ogre is nearby!
You flicker back into view.
The two-headed ogre hits you with a +0 great mace.
* * * LOW HITPOINT WARNING * * *
The two-headed ogre closely misses you.
The two-headed ogre hits you with a +0 great mace.
* * * LOW HITPOINT WARNING * * *
The two-headed ogre hits you with a +0 giant club!
You die...

#......) # #### ##.....)) ###
#..# #........ ..##
#..#######........ #..##
#####....##...........
.#..########....∩...##.###.......
.##.........<....##....# #.......
.##############..##...#######.###
..## #..##.@....[...# #..##
...###### ###.###O######.## #....
.#..##..#####.###.######..###..##
.##.##...........................
.##.###..########################
.##..##...#...#..'.##,,*,,*,,*,,+
.###......###...##..##,,,**,**,##
.######...#.##..#..#.##,,*,,*,,#.
..# #...#....###..#.##,,,**,###


You could see a two-headed ogre.

Vanquished Creatures
  Grinder (D:3)
  A shadow (D:5)
  Eustachio (D:4)
  Duvessa (D:5)
  2 ice beasts (D:5)
  An ogre (D:5)
  A phantom (D:5)
  A kobold brigand (D:5)
  A gnoll sergeant (D:5)
  2 scorpions (D:5)
  Dowan (D:5)
  An orc priest (D:4)
  The ghost of ciphuk the Caller, a weakling FeSu of Gozag (D:3)
  Jessica (D:2)
  2 iguanas
  An orc wizard (D:4)
  A hound skeleton (D:4)
  3 gnolls (D:5)
  4 adders
  5 orcs
  3 ball pythons
  2 bats
  8 endoplasms
  4 giant cockroaches
  9 goblins
  6 hobgoblins
  7 jackals
  2 quokkas (D:3)
  2 frilled lizards (D:3)
  3 kobolds
  2 rats
80 creatures vanquished.

Notes
Turn   | Place    | Note
-------+----------+-------------------------------------------
     0 | D:1      | ILmort the Minotaur Fighter began the quest for the Orb.
     0 | D:1      | Reached XP level 1. HP: 19/19 MP: 0/0
   240 | D:1      | Reached skill level 3 in Maces & Flails
   486 | D:1      | Reached XP level 2. HP: 25/26 MP: 1/1
   798 | D:2      | Reached skill level 4 in Maces & Flails
   817 | D:2      | Noticed Jessica
   822 | D:2      | Killed Jessica
   823 | D:2      | Reached XP level 3. HP: 18/31 MP: 2/2
   988 | D:2      | Found a faded altar of an unknown god.
  1031 | D:2      | Reached skill level 5 in Maces & Flails
  1759 | D:3      | Noticed ciphuk's ghost (weakling FeSu)
  1765 | D:3      | Found a runed translucent door.
  1769 | D:3      | Reached XP level 4. HP: 39/39 MP: 3/3
  2049 | D:3      | Noticed Grinder
  2055 | D:3      | Paralysed by Grinder for 3 turns
  2063 | D:3      | Killed Grinder
  2064 | D:3      | Reached skill level 7 in Maces & Flails
  2064 | D:3      | Reached XP level 5. HP: 7/45 MP: 4/4
  2064 | D:3      | Reached XP level 6. HP: 8/51 MP: 5/5
  2398 | D:3      | Reached skill level 8 in Maces & Flails
  2426 | D:3      | Killed ciphuk's ghost
  3370 | D:5      | Entered Level 5 of the Dungeon
  3375 | D:5      | Reached skill level 9 in Maces & Flails
  3461 | D:5      | Noticed Eustachio
  3535 | D:5      | Reached XP level 7. HP: 42/57 MP: 6/6
  3557 | D:4      | Killed Eustachio
  3972 | D:5      | Reached skill level 10 in Maces & Flails
  4159 | D:5      | Found a staircase to the Ecumenical Temple.
  4170 | Temple   | Entered the Ecumenical Temple
  4384 | Temple   | Became a worshipper of Warmaster Okawaru
  4765 | D:5      | Found Keskymug's Book Shop.
  4862 | D:5      | Noticed Duvessa
  4864 | D:5      | Noticed Dowan
  4880 | D:5      | Killed Duvessa
  4900 | D:5      | Killed Dowan
  4901 | D:5      | Reached skill level 5 in Fighting
  4946 | D:5      | Reached skill level 5 in Armour
  5011 | D:5      | Reached * piety under Okawaru
  5012 | D:5      | Reached XP level 8. HP: 52/68 MP: 7/7
  5553 | D:5      | Noticed a two-headed ogre
  5631 | D:5      | Slain by a two-headed ogre

Illustrated notes

Levels and vault maps discovered:
D:1:      dpeg_arrival_orchard, layout_loops_ring, chequers_avenue,
          minmay_tree_intersection
D:2:      layout_loops_ring, shapermc_ecumenical_altar_starsandcircs,
          minmay_parallelograms, minmay_bisected, uniq_jessica
D:3:      layout_loops_cross, hellmonk_ghost_happy_afterlife,
          kennysheep_another_room, uniq_grinder
D:4:      layout_rooms, kennysheep_generic_room_13
D:5:      minmay_razor_zed, layout_rooms, minmay_temple_entry_statues_pillars,
          serial_shops, nicolae_square_shop, minmay_holes, uniq_eustachio,
          uniq_duvessa
Temple:   mainiacjoe_temple_starburst

Skill      XL: |  1  2  3  4  5  6  7  8 |
---------------+-------------------------+-----
Maces & Flails | 3 4 5 7 9 10 | 10.2
Fighting       | 5 6 |  6.8
Armour         | 5 6 |  6.8
Shields        | |  3.6

Action                   |  1- 3 |  4- 6 |  7- 9 || total
-------------------------+-------+-------+-------++-------
Melee: Flail             |    70 |    92 |   104 ||   266
       Headbutt          |    11 |    12 |    23 ||    46
  Use: Scroll            |       |       |     2 ||     2
       Potion            |       |       |     1 ||     1
Armor: Scale mail        |    25 |    20 |     1 ||    46
       Plate armour      |       |       |    27 ||    27
       Leather armour    |       |       |     1 ||     1
Dodge: Dodged            |    29 |    48 |    43 ||   120
Block: Buckler           |    10 |    17 |    14 ||    41
